 Dungeon Crawl Stone Soup version 0.21.1-1-g345015fe64 (webtiles) character file.

3990 Lentor the Basher (level 10, -7/88 HPs)
             Began as a Green Draconian Berserker on June 8, 2018.
             Was an Elder of Trog.
             Killed from afar by an electric eel (11 damage)
             ... with a bolt of electricity
             ... on level 8 of the Dungeon.
             The game lasted 00:32:15 (8656 turns).

Lentor the Basher (Green Draconian Berserker)       Turns: 8656, Time: 00:32:16

Health: -7/88      AC: 10    Str: 23    XL:     10   Next: 3%
Magic:  10/10      EV: 12    Int:  7    God:    Trog [****..]
Gold:   411        SH:  9    Dex: 11    Spells: 9/9 levels left

rFire    . . .     SeeInvis +   n - +2 mace (crush)
rCold    . . .     Gourm    .   G - +0 shield
rNeg     . . .     Faith    +   (armour unavailable)
rPois    +         Spirit   .   v - +0 hat
rElec    .         Reflect  .   (no cloak)
rCorr    .         Harm     .   a - +0 pair of gloves
MR       +....                  m - +1 pair of boots
Stlth    +++.......             t - amulet of faith
HPRegen  0.24/turn              D - ring of see invisible
MPRegen  0.12/turn              u - ring of protection from magic

@: flying
A: breathe noxious fumes, unfitting armour, big wings, horns 1, blink, poison
resistance, cold-blooded, AC +7
a: Breathe Noxious Fumes, Stop Flying, Blink, Berserk, Trog's Hand, Brothers in
Arms, Burn Spellbooks, Renounce Religion


You were on level 8 of the Dungeon.
You worshipped Trog.
Trog was greatly pleased with you.
You were not hungry.

You visited 2 branches of the dungeon, and saw 9 of its levels.
You also visited: Ossuary.

You collected 450 gold pieces.
You spent 39 gold pieces at shops.

Inventory:

Hand Weapons
 n - a +2 mace of crushing (weapon)
 p - a +0 blowgun
Missiles
 q - 33 poisoned needles
 H - 2 steel javelins (quivered)
Armour
 a - a +0 pair of gloves (worn)
 m - a +1 pair of boots (worn)
 v - a +0 hat (worn)
 G - a +0 shield (worn)
Jewellery
 f - an uncursed ring of resist corrosion
 t - an amulet of faith (around neck)
 u - a ring of protection from magic (right hand)
 C - an uncursed ring of protection from cold
 D - a ring of see invisible (left hand)
Wands
 r - a wand of polymorph (11)
 F - a wand of flame (37)
Scrolls
 c - 3 scrolls of teleportation {unknown}
 d - 4 scrolls of fear {unknown}
 e - 7 scrolls of remove curse
 g - 2 scrolls of identify
 h - 2 scrolls of enchant weapon {unknown}
 i - a scroll of fog {unknown}
 l - 2 scrolls of amnesia {unknown}
 o - 2 scrolls of immolation {unknown}
 y - a scroll of blinking {unknown}
Potions
 j - 8 potions of might
 k - a potion of brilliance
 s - 2 potions of lignification
 w - a potion of magic
 x - a potion of resistance
 z - 2 potions of flight
 A - a potion of curing
 B - a potion of invisibility
 E - a potion of heal wounds {unknown}
Comestibles
 b - 10 rations


   Skills:
 + Level 7.7 Fighting
 * Level 8.2 Maces & Flails
   Level 3.8 Polearms
 + Level 6.3 Dodging
 - Level 6.0 Stealth
 + Level 2.0 Shields
 + Level 3.1 Unarmed Combat


You had 9 spell levels left.
You didn't know any spells.

Dungeon Overview and Level Annotations

Branches:
Dungeon (8/15)             Temple (1/1) D:5            Lair (0/6) D:8

Altars:
Ashenzari
Cheibriados
Dithmenos
Elyvilon
Fedhas
Gozag
Hepliaklqana
Kikubaaqudgha
Makhleb
Nemelex Xobeh
Okawaru
Qazlal
Ru
Sif Muna
Trog
Uskayaw
Vehumet
Wu Jian
Xom
Yredelemnul
Zin
The Shining One

Shops:
D:2 *   D:4 ?   D:5 *::

Annotations:
D:8 aliadon's ghost, novice HOMo


Innate Abilities, Weirdness & Mutations

You can breathe blasts of noxious fumes.
Your lurid green scales are hard. (AC +7)
You cannot fit into any form of body armour.
Your system is resistant to poisons. (rPois)
You are cold-blooded and may be slowed by cold attacks.
Your large and strong wings let you fly indefinitely.
You have a pair of small horns on your head.
You can translocate small distances at will.


Message History

The electric eel shoots out a bolt of lightning at you!
The bolt of electricity hits the electric eel.
The electric eel completely resists.
The bolt of electricity misses you.
Unknown command.
Okay, then.
You fail to use your ability.
The electric eel shoots out a bolt of lightning at you!
The bolt of electricity hits you!
* * * LOW HITPOINT WARNING * * *
The bolt of electricity hits you!
The electric eel shoots out a bolt of lightning at you!
The bolt of electricity hits the electric eel.
The electric eel completely resists.
The bolt of electricity hits you!
* * * LOW HITPOINT WARNING * * *
The electric eel shoots out a bolt of lightning at you!
The bolt of electricity misses you.
The electric eel shoots out a bolt of lightning at you!
The bolt of electricity hits the electric eel.
The electric eel completely resists.
The bolt of electricity hits you!
You die...

.## #... #..≈≈≈....≈≈
.... .... #..≈≈≈.≈..≈≈
#..##(.####≈..≈.....≈≈
.#...........≈≈≈.≈.>.≈≈
..........##..≈≈≈....≈≈
#.<......##.≈≈≈≈.≈.≈.≈
#.# #....≈≈≈;≈≈≈≈
#†###../.;≈≈;≈≈≈≈
#.<÷.@..≈W.≈.≈≈≈≈
####.#.≈....≈≈.≈≈
#.#.≈....≈....
#.#......≈.≈..
#.#...........
#.#####....... #.#
.#..... #.# #..


You could see 3 electric eels and aliadon's ghost.

Vanquished Creatures
  The ghost of temitten the Skirmisher, a novice DsAK of Lugonu (D:4)
  A troll (D:7)
  Sigmund (D:5)
  A water moccasin (D:7)
  Duvessa (D:4)
  An ice beast (D:6)
  A phantom (D:4)
  A wolf (D:8)
  The ghost of Finalfun the Poker, an amateur DsMo (D:3)
  A centaur (D:7)
  An ogre (D:7)
  A crocodile (D:7)
  6 bullfrogs
  Dowan (D:4)
  3 scorpions
  3 killer bees (D:7)
  2 crimson imps
  2 bullfrog zombies (D:5)
  A centaur zombie (Ossuary)
  A bullfrog skeleton (D:7)
  9 hounds
  3 orc priests
  A centaur skeleton (D:7)
  6 jellies
  2 orc wizards
  2 worker ants
  A hound zombie (D:7)
  2 mummies (Ossuary)
  Robin (D:3)
  11 adders
  A shadow imp (D:6)
  A howler monkey simulacrum (D:8)
  7 oozes (D:4)
  5 adder zombies (Ossuary)
  2 worms
  3 dart slugs (D:2)
  5 leopard geckos
  25 orcs
  4 giant cockroaches
  10 goblins
  12 hobgoblins
  10 jackals
  12 kobolds
  3 quokkas
  6 bats
  2 frilled lizards
  A gnoll zombie (Ossuary)
  A goblin zombie (Ossuary)
  4 hobgoblin zombies (Ossuary)
  5 kobold zombies (Ossuary)
  An orc zombie (Ossuary)
  4 quokka zombies
  15 rats
  5 rat zombies (Ossuary)
213 creatures vanquished.

Vanquished Creatures (collateral kills)
  The ghost of Jannitor the Magician, a novice DEEE (D:6)
  Menkaure (Ossuary)
  3 killer bees (D:7)
  A centaur zombie (Ossuary)
  A hound (D:7)
  3 ogre zombies (Ossuary)
  4 mummies (Ossuary)
14 creatures vanquished.

Vanquished Creatures (others)
  A quokka (D:4)
  A frilled lizard (D:4)
  A fungus (D:4)
  12 toadstools (D:4)
15 creatures vanquished.

Grand Total: 242 creatures vanquished

Notes
Turn   | Place    | Note
-------+----------+-------------------------------------------
     0 | D:1      | Lentor the Draconian Berserker began the quest for the Orb.
     0 | D:1      | Reached XP level 1. HP: 19/19 MP: 1/1
   135 | D:1      | Reached XP level 2. HP: 26/26 MP: 2/2
   751 | D:2      | Reached skill level 1 in Stealth
   882 | D:2      | Reached ** piety under Trog
   882 | D:2      | Reached XP level 3. HP: 24/33 MP: 3/3
  1383 | D:2      | Found Gozag's Platinum Reserve.
  1422 | D:2      | Reached XP level 4. HP: 40/40 MP: 4/4
  1448 | D:2      | Found an opulent altar of Gozag.
  1686 | D:3      | Found a burning altar of Makhleb.
  2251 | D:3      | Reached XP level 5. HP: 46/46 MP: 5/5
  2796 | D:3      | Noticed Finalfun's ghost (amateur DsMo)
  2809 | D:3      | Killed Finalfun's ghost
  2809 | D:3      | Reached skill level 1 in Maces & Flails
  3110 | D:4      | Noticed Robin
  3119 | D:3      | Killed Robin
  3126 | D:4      | Reached XP level 6. HP: 53/53 MP: 6/6
  3127 | D:4      | Noticed temitten's ghost (novice DsAK)
  3129 | D:4      | Noticed Duvessa
  3133 | D:4      | Noticed Dowan
  3488 | D:4      | Killed Duvessa
  3488 | D:4      | Reached skill level 2 in Maces & Flails
  3492 | D:4      | Killed Dowan
  3502 | D:4      | Killed temitten's ghost
  3502 | D:4      | Reached skill level 5 in Fighting
  3502 | D:4      | Reached skill level 4 in Maces & Flails
  3502 | D:4      | Your scales start taking on a lurid green colour.
  3502 | D:4      | Reached XP level 7. HP: 47/61 MP: 7/7
  3502 | D:4      | Gained mutation: Your system is resistant to poisons. (rPois) [Green Draconian growth]
  3664 | D:4      | Reached *** piety under Trog
  4045 | D:4      | Reached XP level 8. HP: 65/70 MP: 8/8
  4050 | D:4      | Found a white marble altar of Elyvilon.
  4065 | D:4      | Reached skill level 5 in Maces & Flails
  4316 | D:4      | Found Uliedig's Magic Scroll Emporium.
  4347 | D:4      | Bought a scroll of remove curse for 39 gold pieces
  4599 | D:5      | Entered Level 5 of the Dungeon
  4682 | D:5      | Found Zoteph's Book Emporium.
  4770 | D:5      | Reached skill level 5 in Dodging
  4838 | D:5      | Reached **** piety under Trog
  4957 | D:5      | Found a glowing golden altar of the Shining One.
  5098 | D:5      | Found a staircase to the Ecumenical Temple.
  5235 | D:5      | Found Gank's Assorted Antiques.
  5255 | D:5      | Found Besezaref's Book Emporium.
  5434 | D:5      | Found a blossoming altar of Fedhas.
  5483 | D:5      | Found a hide-covered altar of Uskayaw.
  5483 | D:5      | Found a hazy altar of Hepliaklqana.
  5558 | D:5      | Noticed Sigmund
  5568 | D:5      | Killed Sigmund
  5568 | D:5      | Reached skill level 6 in Maces & Flails
  5706 | Temple   | Entered the Ecumenical Temple
  5986 | D:6      | Found a sand-covered staircase.
  5995 | Ossuary  | Entered an ossuary
  6088 | Ossuary  | Reached skill level 5 in Stealth
  6222 | Ossuary  | Noticed Menkaure
  6232 | Ossuary  | Killed Menkaure
  6365 | Ossuary  | Reached XP level 9. HP: 71/78 MP: 9/9
  6484 | D:6      | Gained mutation: You can translocate small distances at will. [potion of mutation]
  6484 | D:6      | Gained mutation: You have a pair of small horns on your head. [potion of mutation]
  6484 | D:6      | Gained mutation: Your large and strong wings let you fly indefinitely. [potion of mutation]
  6667 | D:6      | Noticed Jannitor's ghost (novice DEEE)
  6674 | D:6      | Killed Jannitor's ghost
  6674 | D:6      | Reached skill level 1 in Unarmed Combat
  6857 | D:6      | Reached skill level 7 in Maces & Flails
  7145 | D:7      | Found a shattered altar of Ashenzari.
  7379 | D:7      | Reached ***** piety under Trog
  7794 | D:7      | Reached skill level 1 in Shields
  7815 | D:7      | Found a shimmering altar of Xom.
  7815 | D:7      | Found a shimmering altar of Xom.
  7816 | D:7      | Found a shimmering altar of Xom.
  8023 | D:8      | Received a gift from Trog
  8040 | D:8      | Noticed a troll
  8046 | D:8      | Reached skill level 8 in Maces & Flails
  8248 | D:7      | Killed a troll
  8248 | D:7      | Reached XP level 10. HP: 37/88 MP: 10/10
  8645 | D:8      | Found a staircase to the Lair.
  8648 | D:8      | Noticed aliadon's ghost (novice HOMo)
  8655 | D:8      | HP: 4/88 [electric eel/bolt of electricity (1)]
  8656 | D:8      | Killed from afar by an electric eel

Skill      XL: |  1  2  3  4  5  6  7  8  9 10 |
---------------+-------------------------------+-----
Stealth        | 1 2 3 5 6 |  6.0
Dodging        | 3 4 5 6 |  6.3
Fighting       | 4 5 6 7 |  7.7
Maces & Flails | 1 4 6 8 |  8.2
Unarmed Combat | 3 |  3.1
Shields        | 1 2 |  2.0
Polearms       | |  3.8

Action                   |  1- 3 |  4- 6 |  7- 9 | 10-12 || total
-------------------------+-------+-------+-------+-------++-------
Melee: Spear             |   133 |    51 |       |       ||   184
       Tailslap          |    19 |    12 |    69 |     6 ||   106
       Mace              |       |    72 |   402 |    26 ||   500
       Headbutt          |       |       |    31 |     3 ||    34
Invok: Berserk           |       |     2 |     3 |       ||     5
       Brothers in Arms  |       |       |     4 |       ||     4
       Burn Spellbooks   |       |       |     2 |       ||     2
 Abil: Breathe Noxious F |       |       |     3 |       ||     3
       Blink             |       |       |     1 |       ||     1
       Fly               |       |       |     1 |       ||     1
  Use: Scroll            |       |       |     9 |       ||     9
       Potion            |       |       |     1 |       ||     1
 Stab: Sleeping          |     3 |     2 |    26 |       ||    31
       Distracted        |       |       |     1 |       ||     1
  Eat: Ration            |     1 |     1 |     4 |     1 ||     7
       Chunk             |       |     2 |     6 |       ||     8
Armor: Skin              |    25 |    29 |   126 |    11 ||   191
Dodge: Dodged            |    73 |    86 |   226 |    14 ||   399
Block: Shield            |       |       |    37 |     8 ||    45
